 Dungeon Crawl Stone Soup version 0.29.1-13-g9f3cf754e1 (webtiles) character file.

Game seed: 9988828211841264183

85 bjubeck the Covered (level 4, -1/41 HPs)
             Began as a Minotaur Fighter on Feb 2, 2023.
             Slain by an ogre
             ... wielding a +0 giant spiked club
              (23 damage)
             ... on level 4 of the Dungeon.
             The game lasted 00:07:02 (2514 turns).

bjubeck the Covered (Minotaur Fighter)              Turns: 2514, Time: 00:07:02

Health: -1/41      AC:  7    Str: 22    XL:     4   Next: 25%
Magic:  3/3        EV:  9    Int:  5    God:
Gold:   152        SH:  4    Dex: 10    Spells: 3/3 levels left

rFire   . . .      SeeInvis .   a - +0 war axe
rCold   . . .      Faith    .   c - +0 buckler
rNeg    . . .      Spirit   .   b - +0 scale mail
rPois   .          Reflect  .   (helmet restricted)
rElec   .          Harm     .   (no cloak)
rCorr   .          Rampage  .   (no gloves)
Will    .....                   (no boots)
Stlth   ..........              h - amulet of the acrobat
HPRegen 0.13/turn               (no ring)
MPRegen 0.08/turn               (no ring)

@: no status effects
A: horns 2, retaliatory headbutt
a: no special abilities


You were on level 4 of the Dungeon.
You visited 1 branch of the dungeon, and saw 4 of its levels.

You collected 152 gold pieces.

Inventory:

Hand Weapons
 a - a +0 war axe (weapon)
Armour
 b - a +0 scale mail (worn)
 c - a +0 buckler (worn)
Jewellery
 h - an amulet of the acrobat (around neck)
 o - the ring "Kedesaeli" {rN+ rCorr Dex-4 Stlth+}
   (You found it on level 2 of the Dungeon)

   [ring of resist corrosion]

   Dex:       It affects your dexterity (-4).
   rN:        It protects you from negative energy.
   rCorr:     It protects you from acid and corrosion.
   Stlth:     It makes you more stealthy.
Wands
 s - a wand of flame (6)
Scrolls
 e - 2 scrolls of identify {unknown}
 f - a scroll of immolation {unknown}
 j - a scroll of enchant armour {unknown}
 k - a scroll of magic mapping {unknown}
 m - a scroll of amnesia {unknown}
 n - a scroll of blinking {unknown}
 q - a scroll of teleportation {unknown}
 r - a scroll of fear {unknown}
Potions
 d - a potion of might
 g - 2 potions of curing {unknown}
 i - a potion of brilliance {unknown}
 l - a potion of mutation {unknown}
 p - a potion of flight {unknown}
 t - 2 potions of lignification {unknown}


   Skills:
 + Level 4.6 Fighting
 + Level 3.7 Axes
 + Level 4.6 Armour
 - Level 3.6 Shields


You had 3 spell levels left.
You didn't know any spells.
Your spell library contained the following spells:

 Spells                   Type           Power      Damage    Failure   Level
 Gell's Gravitas          Tloc           0%         N/A       99%         3
 Lesser Beckoning         Tloc           0%         N/A       99%         3
 Teleport Other           Tloc           0%         N/A       99%         3


Dungeon Overview and Level Annotations

Branches:
Dungeon (4/15)
 Temple: D:4-7

Altars:
Vehumet


Innate Abilities, Weirdness & Mutations

You have a pair of horns on your head.
You reflexively headbutt those who attack you in melee.


Message History

s - a wand of flame (6)
There is a radiant altar of Vehumet here.
There is a radiant altar of Vehumet here.
You kneel at the altar of Vehumet.
t - 2 murky blue potions
Found a robe.
You open the door.
There is an open door here.
You open the door.
There is an open door here.
You now have 134 gold pieces (gained 7).
You see here a +0 ring mail.
You now have 141 gold pieces (gained 7).
As you open the door, it creaks loudly!
There is an open door here.
There is an open door here.
You open the door.
There is an open door here.
You now have 152 gold pieces (gained 11).
There is an open door here.
Done exploring.
Done exploring.
(D) Dungeon
Where to? (? - help)
Okay, then.
You see here a +0 ring mail.
There is a stone staircase leading down here.
You climb downwards.
There is a stone staircase leading up here.
You hit the ogre.
The ogre is lightly wounded.
You block the ogre's attack.
You hit the ogre.
The ogre is moderately wounded.
The ogre hits you with a +0 giant spiked club!!
You barely miss the ogre.
The ogre is moderately wounded.
The ogre hits you with a +0 giant spiked club!!
Ouch! That really hurt!
You die...

.# . .. .. .#
... .## .... ..
. ..... .# ...
......##.#.....
.......@O......
...............
...............
........##.....
#####.... .....
..#.. ....
..##.. ... ..#
#..# ...


You could see an ogre.

Vanquished Creatures
  2 adders (D:3)
  2 worms
  A dart slug (D:2)
  An orc (D:3)
  5 ball pythons
  8 bats
  5 endoplasms
  2 giant cockroaches
  5 goblins
  7 hobgoblins
  5 jackals
  3 kobolds
  2 quokkas (D:2)
  A frilled lizard (D:3)
  2 rats
51 creatures vanquished.

Notes
Turn   | Place    | Note
-------+----------+-------------------------------------------
     0 | D:1      | bjubeck the Minotaur Fighter began the quest for the Orb.
     0 | D:1      | Reached XP level 1. HP: 19/19 MP: 0/0
     6 | D:1      | Noticed a swamp worm
     6 | D:1      | Noticed a wyvern
     6 | D:1      | Noticed a black mamba
     6 | D:1      | Noticed an iguana
    69 | D:1      | Reached XP level 2. HP: 26/27 MP: 1/1
   765 | D:2      | Reached XP level 3. HP: 31/33 MP: 2/2
   916 | D:2      | Found a faded altar of an unknown god.
  1126 | D:2      | Identified the ring "Kedesaeli" {rN+ rCorr Dex-4 Stlth+}
  1541 | D:3      | Reached XP level 4. HP: 41/41 MP: 3/3
  2074 | D:3      | Found a radiant altar of Vehumet.
  2511 | D:4      | Noticed an ogre
  2514 | D:4      | Slain by an ogre

Illustrated notes

Levels and vault maps discovered:
D:1:      onia_arrival_zoo_common, layout_loops_ring, minmay_tetromino_t2
D:2:      layout_basic, ebering_ecumenical_altar_mist
D:3:      layout_basic, vehumet_altar_wand_db
D:4:      layout_basic, minmay_temple_entry_overgrown, serial_shops,
          kennysheep_little_box

Skill      XL: |  1  2 |
---------------+-------+-----
Fighting       | 4 |  4.6
Armour         | 4 |  4.6
Axes           | 3 |  3.7
Shields        | |  3.6

Action                   |  1- 3 |  4- 6 || total
-------------------------+-------+-------++-------
Melee: War axe           |    81 |    17 ||    98
       Headbutt          |    11 |       ||    11
Throw: Stone             |     5 |       ||     5
Armor: Scale mail        |    56 |     5 ||    61
Dodge: Dodged            |    49 |    18 ||    67
Block: Buckler           |    16 |     6 ||    22
